Map: Ever Dream LE

Players

Serral - Winner!

  • Race: Zerg Zerg
  • League: Master
  • Spawn Location: 1:00

LiquidClem (Clem)

  • Race: Terran Terran
  • League: Master
  • Spawn Location: 7:00

Event: DreamHack SC2 Masters 2020 Summer Europe

VOD

Have the link to the VOD?

Description

Time

  • Played on: July 11, 2020, 11:37 a.m.
  • Length: 12:31

All games in this series

Show
View Real Time Build Order
Export as new Build Order

Serral Zerg - Winner!

Build Orders: Hatch First, Muta Ling Bane 

Get SALT Encoding   

  12  0:00  Drone  
  13  0:13  Overlord  
  13  0:17  Drone  
  14  0:31  Drone x2  
  16  0:47  Hatchery  
  15  0:51  Drone  
  15  0:55  Drone  
  17  0:59  Drone  
  18  1:09  Extractor  
  17  1:14  Spawning Pool  
  17  1:17  Drone  
  17  1:21  Drone  
  18  1:28  Drone  
  19  1:39  Drone  
  20  1:49  Overlord  
  20  2:00  Queen x2  
  24  2:01  Zergling x4  
  26  2:10  Drone  
  26  2:12  Drone  
  26  2:13  Metabolic Boost  
  28  2:21  Drone  
  29  2:26  Drone  
  29  2:31  Extractor  
  28  2:41  Drone  
  28  2:43  Hatchery  
  29  2:46  Queen  
  31  2:52  Overlord  
  31  2:55  Zergling x2  
  32  2:58  Drone  
  32  3:01  Drone  
  32  3:02  Drone  
  32  3:03  Drone  
  36  3:11  Drone x2  
  36  3:12  Drone  
  39  3:15  Spore Crawler  
  39  3:19  Drone  
  40  3:22  Overlord  
  40  3:23  Drone  
  40  3:26  Drone  
  42  3:28  Queen  
  44  3:34  Overlord  
  44  3:37  Overlord  
  44  3:45  Drone x4  
  44  3:48  Zergling x2  
  49  3:54  Zergling x2  
  49  3:55  Zergling x4  
  52  3:56  Queen  
  52  3:57  Drone x2  
  56  4:03  Drone, Queen  
  56  4:08  Overlord  
  59  4:10  Zergling x2  
  59  4:12  Drone  
  61  4:18  Zergling x2  
  61  4:21  Zergling x2  
  61  4:22  Drone x3  
  66  4:26  Overlord  
  66  4:30  Spore Crawler  
  65  4:31  Extractor  
  65  4:35  Evolution Chamber  
  65  4:36  Evolution Chamber  
  65  4:37  Queen  
  64  4:40  Zergling x2  
  64  4:41  Drone  
  64  4:42  Drone x5  
  71  4:47  Overlord  
  71  4:51  Drone x4  
  75  4:54  Extractor  
  75  4:55  Drone  
  75  4:56  Spore Crawler  
  74  5:02  Drone x3  
  74  5:06  Zerg Melee Weapons Level 1, Zerg Ground Armor Level 1  
  77  5:09  Zergling x2  
  77  5:10  Drone x2  
  77  5:13  Drone x2  
  77  5:14  Drone  
  83  5:15  Drone  
  83  5:17  Drone x2  
  83  5:19  Drone  
  87  5:23  Lair  
  87  5:24  Drone  
  88  5:30  Overlord  
  88  5:31  Drone, Baneling Nest  
  88  5:33  Drone x2  
  90  5:35  Extractor  
  90  5:36  Extractor  
  90  5:42  Hatchery  
  87  5:43  Drone x2  
  87  5:49  Drone x5  
  94  5:52  Overlord, Extractor  
  94  5:55  Zergling x2  
  94  5:56  Zergling x6  
  97  5:59  Overlord  
  97  6:00  Zergling x2  
  97  6:02  Overlord  
  98  6:13  Zergling x2  
  98  6:14  Zergling x6  
  102  6:20  Zergling x10  
  102  6:21  Overseer  
  102  6:22  Hatchery  
  106  6:27  Overlord  
  106  6:30  Zergling x12  
  112  6:34  Zergling x4  
  114  6:41  Overlord  
  114  6:46  Zergling x8  
  118  6:48  Overlord x3  
  118  6:51  Spire  
  117  6:59  Centrifical Hooks  
  117  7:01  Zerg Melee Weapons Level 2, Zerg Ground Armor Level 2  
  117  7:03  Baneling x3  
  117  7:04  Baneling  
  117  7:05  Overseer  
  117  7:08  Baneling x5  
  116  7:10  Pneumatized Carapace  
  116  7:18  Zergling x6  
  116  7:19  Zergling x8  
  114  7:26  Zergling x2  
  114  7:27  Zergling x16  
  117  7:31  Drone  
  117  7:32  Drone x2  
  117  7:36  Queen  
  120  7:37  Drone x3  
  120  7:41  Baneling x8  
  120  7:42  Drone  
  119  7:52  Drone x3  
  119  7:53  Drone  
  123  7:59  Overlord  
  123  8:06  Mutalisk x8  
  123  8:12  Zergling x12  
  145  8:19  Zergling x8  
  148  8:23  Queen  
  148  8:25  Baneling x2  
  148  8:26  Baneling x6  
  145  8:29  Zergling x6  
  145  8:40  Zergling x22  
  142  8:47  Queen  
  138  8:49  Drone x3  
  138  8:54  Baneling x12  
  141  9:00  Zergling x8  
  145  9:07  Mutalisk x4  
  151  9:10  Drone x2  
  151  9:11  Drone  
  151  9:12  Drone x2  
  151  9:14  Hatchery  
  155  9:19  Baneling x9  
  151  9:29  Zergling x2  
  151  9:30  Zergling x14  
  137  9:34  Zergling x6  
  138  9:40  Infestation Pit  
  138  9:41  Mutalisk  
  138  9:42  Mutalisk x2  
  138  9:45  Drone x2, Extractor  
  143  9:46  Drone x2, Zergling x4  
  143  9:47  Zergling x4  
  143  9:48  Baneling x3  
  143  9:50  Zergling x4  
  151  9:55  Baneling x5  
  151  9:57  Zergling x4  
  153  10:01  Overlord x2  
  153  10:07  Overlord  
  151  10:09  Zergling x2  
  151  10:10  Unknown, Zergling x18  
  160  10:14  Drone  
  160  10:15  Zerg Flyer Weapons Level 1, Infestation Pit  
  160  10:17  Overlord  
  160  10:18  Drone x3  
  160  10:19  Drone x2  
  165  10:23  Overseer  
  165  10:24  Mutalisk x2  
  165  10:26  Queen  
  171  10:28  Baneling  
  171  10:29  Baneling x3  
  171  10:30  Zergling x2  
  171  10:34  Baneling x6  
  172  10:42  Zergling x14  
  179  10:44  Overlord  
  178  10:51  Zergling x24  
  178  10:56  Hive  
  190  11:02  Mutalisk x4  
  198  11:04  Overseer  
  198  11:06  Baneling x4  
  198  11:12  Zergling x4  
  198  11:16  Baneling x9  
  200  11:24  Zergling x2  
  200  11:25  Zergling x22  
  198  11:30  Zergling x18  
  179  11:40  Zergling x14  
  179  11:43  Baneling x5  
  179  11:46  Baneling x14  
  184  11:47  Zergling x2  
  184  11:48  Zergling x4  
  184  11:50  Baneling x6  
  187  11:54  Zergling x8  
  172  12:04  Zergling x10  
  172  12:07  Baneling x12  
Show
View Real Time Build Order
Export as new Build Order

LiquidClem Terran 

Build Orders: Hellion Opening, Reaper Expand 

Get SALT Encoding   

  12  0:00  SCV  
  13  0:13  SCV  
  14  0:16  Supply Depot  
  14  0:25  SCV  
  15  0:38  SCV, Barracks  
  16  0:43  Refinery  
  16  0:50  SCV  
  17  1:02  SCV  
  18  1:14  SCV  
  19  1:25  Reaper  
  19  1:26  Orbital Command  
  20  1:39  Command Center  
  20  1:48  Supply Depot  
  20  1:52  SCV  
  21  1:57  Marine  
  22  2:04  SCV  
  23  2:11  Factory  
  23  2:13  Refinery  
  23  2:16  SCV  
  23  2:19  Barracks Reactor  
  24  2:28  SCV  
  25  2:40  SCV  
  26  2:52  Orbital Command, SCV  
  27  2:59  Starport  
  27  3:04  SCV  
  30  3:06  Hellion x2  
  32  3:16  SCV  
  32  3:18  SCV  
  34  3:23  Supply Depot  
  34  3:24  Marine  
  35  3:28  SCV  
  35  3:29  Hellion x2  
  35  3:31  SCV  
  41  3:35  Medivac  
  41  3:40  SCV  
  44  3:42  Supply Depot  
  44  3:43  SCV  
  44  3:44  Barracks Tech Lab  
  45  3:50  Hellion x2  
  45  3:53  SCV  
  45  3:55  SCV  
  51  4:05  SCV  
  51  4:07  Command Center, SCV  
  53  4:12  Stimpack  
  53  4:13  Starport Reactor  
  53  4:17  SCV  
  53  4:19  SCV  
  53  4:24  Factory Tech Lab  
  55  4:25  Marine  
  55  4:26  Barracks  
  55  4:27  Barracks  
  56  4:35  SCV  
  56  4:36  Engineering Bay x2, SCV  
  58  4:43  Marine  
  59  4:50  SCV x2  
  59  4:52  Refinery  
  61  4:56  Supply Depot  
  61  5:01  Supply Depot  
  61  5:02  Starport Reactor, SCV  
  61  5:04  Terran Infantry Weapons Level 1  
  61  5:05  Terran Infantry Armor Level 1  
  61  5:06  Siege Tank  
  65  5:08  Refinery, Marine  
  65  5:09  SCV  
  65  5:13  Marine  
  65  5:14  Marine, SCV  
  69  5:20  Supply Depot  
  71  5:21  SCV  
  71  5:23  Orbital Command  
  71  5:24  Marine  
  71  5:26  SCV  
  71  5:27  Marine  
  74  5:30  Marine  
  74  5:33  SCV  
  76  5:35  Marine  
  76  5:39  SCV  
  76  5:41  Siege Tank  
  81  5:44  Marine x2  
  81  5:45  Supply Depot  
  81  5:46  Marine  
  81  5:48  SCV  
  86  5:53  Orbital Command, Marine  
  86  5:54  Marine  
  86  5:55  Supply Depot  
  87  6:00  Combat Shield  
  87  6:02  Marine x2, SCV  
  87  6:04  Marine  
  90  6:07  Medivac  
  90  6:08  Medivac  
  95  6:15  Barracks  
  95  6:18  Barracks  
  95  6:20  SCV  
  95  6:21  SCV  
  95  6:25  Armory  
  97  6:26  Marine x2  
  97  6:31  Marine x3  
  97  6:32  SCV  
  102  6:36  Siege Tank  
  102  6:39  SCV  
  107  6:40  SCV  
  107  6:43  Marine  
  107  6:44  Marine, SCV  
  110  6:47  Supply Depot  
  110  6:49  Medivac x2  
  110  6:51  Marine x2  
  110  6:52  Supply Depot  
  116  6:56  Marine  
  116  6:57  SCV  
  116  7:00  Barracks  
  118  7:02  Barracks  
  118  7:06  Barracks  
  118  7:08  Marine  
  118  7:09  SCV  
  118  7:15  Marine  
  119  7:17  Marine x2  
  119  7:21  Siege Tank, Barracks Reactor  
  121  7:26  Marine  
  108  7:32  Barracks Reactor  
  108  7:33  Marine, SCV x2  
  108  7:34  Terran Infantry Weapons Level 2, Terran Infantry Armor Level 2  
  108  7:35  Marine x2  
  108  7:36  Medivac  
  111  7:40  Marine, Medivac  
  111  7:42  SCV  
  111  7:44  Marine  
  115  7:45  SCV  
  115  7:51  Marine  
  117  7:52  Marine x3  
  117  7:53  Marine x2  
  117  7:55  Refinery  
  117  7:57  Supply Depot  
  117  7:58  Marine x2, Command Center  
  123  8:01  Marine  
  123  8:02  Marine  
  123  8:04  Terran Vehicle And Ship Armor Level 1  
  126  8:08  Marine x3  
  126  8:10  Marine x2, SCV  
  126  8:11  Marine x2  
  133  8:16  Marine x2  
  133  8:17  Marine  
  133  8:19  Marine  
  137  8:28  Siege Tank  
  137  8:30  Marine x2  
  137  8:32  Marine x2  
  137  8:33  Marine x3  
  146  8:35  Marine x2  
  146  8:38  Marine  
  149  8:42  Marine  
  149  8:44  Marine  
  149  8:48  Marine  
  130  8:49  Marine, Medivac x2  
  130  8:50  Missile Turret  
  130  8:51  Missile Turret  
  130  8:52  Marine  
  130  8:53  Marine  
  130  8:54  Supply Depot, Marine x2, Missile Turret  
  139  8:55  Marine  
  139  8:56  Marine  
  139  8:59  Supply Depot  
  139  9:00  Siege Tank, Barracks Reactor, Barracks Tech Lab x2  
  139  9:02  Marine  
  145  9:06  Marine  
  145  9:08  Marine  
  137  9:10  Marine x2  
  137  9:15  Marine  
  140  9:17  Factory  
  140  9:18  Marine x2  
  140  9:19  Marine, Medivac  
  140  9:20  Marine  
  143  9:27  Marine x4  
  143  9:28  Marine x2  
  115  9:32  Siege Tank  
  115  9:33  Marine  
  115  9:35  Planetary Fortress  
  115  9:36  Marine x3  
  115  9:37  Marine  
  114  9:38  Marine  
  114  9:39  Marine  
  114  9:41  SCV x2  
  114  9:45  Marine x2  
  120  9:46  Marine x2  
  120  9:48  Drilling Claws  
  120  9:51  Missile Turret  
  120  9:52  SCV  
  123  9:53  SCV  
  123  9:59  Marine x6  
  130  10:01  Factory Reactor  
  130  10:02  SCV  
  130  10:04  Siege Tank  
  130  10:06  Marine x3  
  134  10:11  Marine, Missile Turret  
  134  10:14  Marine x2  
  133  10:15  SCV  
  133  10:17  Marine x2  
  133  10:20  SCV x2  
  133  10:21  SCV  
  141  10:22  Marine x2  
  141  10:26  Marine x2  
  141  10:27  SCV  
  146  10:31  Marauder  
  146  10:33  SCV x2  
  150  10:40  Command Center  
  148  10:44  Marine x3, Thor  
  148  10:46  Marauder  
  148  10:47  Marine  
  148  10:49  Marine, Medivac x2  
  162  10:50  Marauder  
  162  10:52  Marine, Widow Mine  
  162  10:54  Marine, Barracks Reactor  
  168  10:59  Widow Mine  
  170  11:06  Supply Depot, Marine x3  
  170  11:07  Supply Depot  
  170  11:08  Sensor Tower, Marauder  
  175  11:11  Marauder  
  175  11:12  Refinery x2, Marine x3  
  180  11:22  Widow Mine  
  180  11:23  Marine  
  168  11:25  Widow Mine  
  168  11:26  Marine, Medivac  
  168  11:27  Marine x3  
  168  11:29  Marauder  
  168  11:31  Marine  
  169  11:33  Marauder  
  169  11:37  Widow Mine  
  165  11:41  Marine x2  
  165  11:42  Command Center  
  165  11:44  Widow Mine, Medivac  
  165  11:45  Supply Depot  
  165  11:46  Marine  
  174  11:47  Supply Depot, Marine, Widow Mine  
  174  11:48  Marine x5  
  178  11:54  Marauder  
  178  11:57  Marauder  
  178  11:58  Widow Mine  
  178  12:01  Marine x2  
  158  12:02  Marine  
  158  12:05  Marine x2, Widow Mine  
Tags
 
Add a new tag
Caveats
  • Supply blocks, unpowered buildings, or Contaminate may cause inaccurate times.
  • Supply counts are checked every 10 seconds.